 Dungeon Crawl Stone Soup version 0.29-a0-322-g68df515428 (webtiles) character file.

Game seed: 70448883300128692

3396 kae the Arsonist (level 10, -2/58 HPs)
             Began as a Tengu Fire Elementalist on Apr 7, 2022.
             Was a Follower of Sif Muna.
             Killed from afar by a steam dragon (15 damage)
             ... with a ball of steam
             ... on level 8 of the Dungeon.
             The game lasted 00:05:54 (10651 turns).

kae the Arsonist (Tengu Fire Elementalist)         Turns: 10651, Time: 00:05:55

Health: -2/58      AC:  4    Str:  8    XL:     10   Next: 4%
Magic:  10/18      EV: 32    Int: 20    God:    Sif Muna [*.....]
Gold:   447        SH:  0    Dex: 15    Spells: 9/18 levels left

rFire   . . .      SeeInvis .   e - +1 hand axe (vorpal)
rCold   . . .      Faith    .   (no shield)
rNeg    + . .      Spirit   .   y - +0 robe {rN+}
rPois   .          Reflect  .   (helmet restricted)
rElec   .          Harm     .   (no cloak)
rCorr   .          Rampage  .   d - +1 pair of gloves
Will    .....                   (boots unavailable)
Stlth   ++........              p - amulet of the acrobat
HPRegen 0.19/turn               g - ring of wizardry
MPRegen 0.16/turn               l - ring of wizardry

@: acrobatic, flying quickly and evasively, quick
A: beak, talons 3, nimble flight
a: Renounce Religion, Channel Magic


You were on level 8 of the Dungeon.
You worshipped Sif Muna.
Sif Muna was aware of your devotion.
You visited 2 branches of the dungeon, and saw 9 of its levels.

You collected 499 gold pieces.
You spent 52 gold pieces at shops.

Inventory:

Hand Weapons
 c - a +1 rapier of draining
 e - a +1 vorpal hand axe (weapon)
Missiles
 z - 3 throwing nets
Armour
 a - a +0 robe
 d - a +1 pair of gloves (worn)
 v - the +2 kite shield of Defiance {+Inv Str-5 Int+5}
   (You found it on level 5 of the Dungeon)

   Str:       It affects your strength (-5).
   Int:       It affects your intelligence (+5).
   +Inv:      It lets you turn invisible.
 y - a +0 robe of positive energy (worn)
 H - a +0 kite shield
Jewellery
 g - a ring of wizardry (left hand)
 l - a ring of wizardry (right hand)
 m - a +6 ring of strength
 p - an amulet of the acrobat (around neck)
 t - a +4 ring of protection
 u - a +6 ring of strength
Wands
 n - a wand of polymorph (2)
 C - a wand of iceblast (12)
 D - a wand of mindburst (11)
 F - a wand of paralysis (9)
 L - a wand of digging (7)
Scrolls
 f - 2 scrolls of fear
 h - a scroll of summoning
 q - 4 scrolls of teleportation
 r - 3 scrolls of vulnerability
 B - 2 scrolls of enchant weapon
 G - a scroll of fog
 J - a scroll of identify
Potions
 b - 2 potions of magic
 i - 4 potions of curing
 j - 2 potions of might
 k - 2 potions of invisibility
 o - 2 potions of mutation
 s - 3 potions of heal wounds
 w - a potion of attraction
 x - a potion of flight
 A - a potion of haste
 E - a potion of brilliance {unknown}
 I - a potion of lignification {unknown}
 K - a potion of resistance {unknown}


   Skills:
 + Level 4.8 Fighting
 + Level 5.3 Armour
 + Level 5.9 Dodging
 - Level 2.0 Stealth
 + Level 3.6 Shields
 + Level 4.9 Spellcasting
 + Level 6.6 Conjurations
 * Level 8.5 Fire Magic


You had 9 spell levels left.
You knew the following spells:

 Your Spells              Type           Power      Damage    Failure   Level
a - Foxfire               Conj/Fire      100%       2x1d9     1%          1
b - Scorch                Fire           78%        2d9       1%          2
c - Conjure Flame         Conj/Fire      35%        6-21      1%          3
d - Inner Flame           Hex/Fire       22%        N/A       1%          3

Your spell library contained the following spells:

 Spells                   Type           Power      Damage    Failure   Level
 Static Discharge         Conj/Air       18%        N/A       1%          2
 Flame Wave               Conj/Fire      35%        2d8       1%          4
 Animate Skeleton         Necr           8%         N/A       3%          1
 Pain                     Necr           16%        1d4       3%          1
 Vampiric Draining        Necr           4%         2d6       10%         3
 Lightning Bolt           Conj/Air       9%         1d21      21%         5
 Maxwell's Capacitive Co  Air            2%         ∞         100%        8


Dungeon Overview and Level Annotations

Branches:
Dungeon (8/15)             Temple (1/1) D:5            Lair (0/6) D:8

Altars:
Ashenzari
Cheibriados
Dithmenos
Elyvilon
Gozag
Hepliaklqana
Kikubaaqudgha
Makhleb
Nemelex Xobeh
Okawaru
Qazlal
Ru
Sif Muna
Trog
Uskayaw
Vehumet
Wu Jian
Xom
Yredelemnul
Zin
The Shining One

Shops:
D:7 **?

Annotations:
D:8 exclusion: yak, Maurice, Prince Ribbit


Innate Abilities, Weirdness & Mutations

You have a beak for a mouth.
You have claws for feet.
Your magical nature lets you fly swiftly and evasively.


Message History

Confirm with . or Enter, or press ? or * to list all spells.
You conjure some foxfire!
The steam dragon hisses angrily.
The foxfire hits the steam dragon.
The steam dragon is lightly wounded.
Casting: Foxfire (safe; 1% risk of failure)
Confirm with . or Enter, or press ? or * to list all spells.
You conjure some foxfire!
Your foxfire dissipates!
Casting: Foxfire (safe; 1% risk of failure)
Confirm with . or Enter, or press ? or * to list all spells.
You conjure some foxfire!
Your foxfire dissipates! x2
Casting: Foxfire (safe; 1% risk of failure)
Confirm with . or Enter, or press ? or * to list all spells.
Flames lash the steam dragon.
The steam dragon is lightly wounded.
The steam dragon's fire resistance burns away.
The foxfire hits the steam dragon.
The steam dragon is burned terribly!
The steam dragon is moderately wounded.
Casting: Scorch (safe; 1% risk of failure)
Confirm with . or Enter, or press ? or * to list all spells.
Flames lash the steam dragon.
The steam dragon is burned terribly!
The steam dragon is almost dead.
The steam dragon bites you! The steam dragon barely misses you.
The steam dragon breathes steam at you. The ball of steam hits you!!
The ball of steam hits your foxfire.
Your foxfire resists.
You hear an angry hiss.
Casting: Scorch (safe; 1% risk of failure)
Confirm with . or Enter, or press ? or * to list all spells.
Flames lash the steam dragon but do no damage.
You are engulfed in a cloud of scalding steam.
A steam dragon comes into view.
The steam dragon bites you. The steam dragon misses you.
You are engulfed in a cloud of scalding steam.
* * * LOW HITPOINT WARNING * * *
The steam dragon breathes steam at you. The ball of steam hits you!
You die...

.# #.## ## #..# ..D# ####
... ... .. ##.## ####
#...# #... ######D.# #.##
#..§##@#####.# #.#
#.....§...##.# ####.##
##### #...#####.##.##
#...... ....# ##.##
#.#...## #.## ###.#
#####.######...... #...
###.#
#.........#......###@#####
.##.# #.###.###.#
#.....(..# # .##.# #.###.#
#.# ## .##.# #.#...# #.#
#.


You could see 2 steam dragons.

Vanquished Creatures
  Sigmund (D:5)
  A steam dragon (D:8)
  A yak (D:7)
  Menkaure (D:6)
  Edmund (D:5)
  A water moccasin (D:7)
  Duvessa (D:7)
  2 sky beasts (D:7)
  2 ice beasts
  A black bear (D:8)
  An ogre (D:5)
  3 centaurs
  2 phantoms
  A kobold brigand (D:8)
  3 bullfrogs
  A gnoll sergeant (D:8)
  2 necrophages
  4 scorpions
  Dowan (D:7)
  2 howler monkeys (D:7)
  2 jellies
  2 hounds
  5 orc priests
  An iguana (D:7)
  Natasha (thrice) (D:2)
  7 orc wizards
  2 hound zombies (D:3)
  7 gnolls
  3 adders
  3 white imps
  An ufetubus (D:4)
  A worm (D:5)
  3 dart slugs
  14 orcs
  9 bats
  5 endoplasms
  2 giant cockroaches
  7 goblins
  7 hobgoblins
  A quokka (D:4)
  6 ball pythons
  A ball python zombie (D:3)
  5 frilled lizards
  A jackal zombie (D:3)
  12 kobolds
  5 rats
147 creatures vanquished.

Vanquished Creatures (others)
  398 foxfires
398 creatures vanquished.

Grand Total: 545 creatures vanquished

Notes
Turn   | Place    | Note
-------+----------+-------------------------------------------
     0 | D:1      | kae the Tengu Fire Elementalist began the quest for the
                  | Orb.
     0 | D:1      | Reached XP level 1. HP: 10/10 MP: 4/4
   334 | D:1      | Reached XP level 2. HP: 16/16 MP: 4/6
   726 | D:1      | Found a faded altar of an unknown god.
  1108 | D:2      | Reached XP level 3. HP: 20/20 MP: 2/7
  1275 | D:2      | Noticed Natasha
  1286 | D:2      | Killed Natasha
  1287 | D:2      | Reached skill level 1 in Fighting
  1287 | D:2      | Reached skill level 1 in Armour
  1287 | D:2      | Noticed Natasha
  1295 | D:2      | Killed Natasha
  1296 | D:2      | Reached skill level 4 in Fire Magic
  1296 | D:2      | Reached XP level 4. HP: 7/25 MP: 1/8
  1617 | D:2      | Found a sparkling altar of Nemelex Xobeh.
  1682 | D:2      | Learned a level 2 spell: Scorch
  1686 | D:2      | Learned a level 3 spell: Conjure Flame
  2106 | D:2      | Noticed Natasha
  2114 | D:2      | Killed Natasha
  2220 | D:2      | Gained mutation: Your magical nature lets you fly swiftly
                  | and evasively. [Tengu growth]
  2220 | D:2      | Reached XP level 5. HP: 29/29 MP: 9/9
  2544 | D:3      | Found a burning altar of Makhleb.
  2611 | D:3      | Found a basalt altar of Yredelemnul.
  2869 | D:3      | Found an iron altar of Okawaru.
  3344 | D:3      | Learned a level 3 spell: Inner Flame
  3612 | D:4      | Reached XP level 6. HP: 15/35 MP: 1/11
  3882 | D:4      | Reached skill level 5 in Fire Magic
  4321 | D:4      | Reached XP level 7. HP: 40/40 MP: 8/12
  4440 | D:4      | Found an opulent altar of Gozag.
  4641 | D:4      | Found a bloodstained altar of Trog.
  5310 | D:5      | Entered Level 5 of the Dungeon
  5431 | D:5      | Found a staircase to the Ecumenical Temple.
  5441 | D:5      | Identified the +2 kite shield of Defiance {+Inv Str-5
                  | Int+5}
  5462 | Temple   | Entered the Ecumenical Temple
  5503 | Temple   | Became a worshipper of Sif Muna the Loreminder
  5635 | D:5      | Reached skill level 6 in Fire Magic
  5700 | D:5      | Identified the +0 plate armour of Exclusion {rElec}
  5722 | D:5      | Noticed Sigmund
  5732 | D:5      | Reached XP level 8. HP: 34/45 MP: 8/14
  5745 | D:5      | Killed Sigmund
  5746 | D:5      | Reached skill level 1 in Shields
  6076 | D:5      | Noticed Edmund
  6102 | D:5      | Killed Edmund
  6507 | D:6      | Noticed Menkaure
  6515 | D:5      | Reached skill level 5 in Conjurations
  6722 | D:6      | Killed Menkaure
  6890 | D:6      | Found a hide-covered altar of Uskayaw.
  7011 | D:6      | Reached skill level 7 in Fire Magic
  7771 | D:7      | Reached skill level 5 in Dodging
  7771 | D:7      | Reached XP level 9. HP: 44/52 MP: 9/16
  7935 | D:7      | Found Gedo's Goods Gallery.
  7984 | D:7      | Reached * piety under Sif Muna
  8270 | D:7      | Found Riveu's General Store.
  8364 | D:7      | Noticed Dowan
  8367 | D:7      | Noticed Duvessa
  8402 | D:7      | Killed Duvessa
  8516 | D:7      | Killed Dowan
  8677 | D:7      | Reached skill level 8 in Fire Magic
  8717 | D:7      | Found Rawuybem's Magic Scroll Shop.
  8730 | D:7      | Bought a scroll of identify for 26 gold pieces
  8730 | D:7      | Bought a scroll of identify for 26 gold pieces
  9186 | D:8      | Reached skill level 5 in Armour
  9800 | D:8      | Found a staircase to the Lair.
  9937 | D:8      | Found a hazy altar of Hepliaklqana.
  9937 | D:8      | Found a glowing golden altar of the Shining One.
 10101 | D:8      | Reached XP level 10. HP: 58/58 MP: 12/18
 10448 | D:8      | Noticed Maurice
 10484 | D:8      | Noticed Prince Ribbit
 10651 | D:8      | Killed from afar by a steam dragon

Illustrated notes

Levels and vault maps discovered:
D:1:      minmay_arrival_nine_rooms, layout_rooms,
          chequers_ecumenical_altar_simple_redux, kennysheep_nondescript,
          minmay_cut_off
D:2:      layout_basic, basic_altar, patterned_corridor, uniq_natasha
D:3:      layout_loops_cross, okawaru_metal_pillars_1_2,
          nicolae_yredelemnul_corpse_copse, bloody_makhleb, eino_curves_03
D:4:      layout_loops_corners, lightli_temple_of_fire,
          nicolae_gozag_cash_rules_everything_around_me
D:5:      layout_gridville, minmay_temple_entry_large_hall, uniq_edmund,
          uniq_sigmund
D:6:      layout_cave_pools, mainiacjoe_overflow_small_starburst, uniq_menkaure
D:7:      layout_cave_pools, serial_shops, nicolae_shop_waterfront, shop,
          chequers_serial_rivers_micro_a, nicolae_alphabet_shops, st_stairs_2,
          minmay_misc_feat_columns, uniq_duvessa
D:8:      cheibrodos_steamvent, layout_loops_corners,
          grunt_temple_overflow_open, lair_entry_dummy, uniq_prince_ribbit1,
          uniq_maurice
Temple:   nicolae_temple_god_jail

Skill      XL: |  1  2  3  4  5  6  7  8  9 |
---------------+----------------------------+-----
Conjurations   | 2 3 4 5 6 |  6.6
Fighting       | 1 2 3 4 |  4.8
Armour         | 1 2 3 4 5 |  5.3
Fire Magic     | 4 5 6 7 8 |  8.5
Dodging        | 3 4 5 |  5.9
Spellcasting   | 3 4 |  4.9
Shields        | 2 3 |  3.6
Stealth        | |  2.0

Action                   |  1- 3 |  4- 6 |  7- 9 | 10-12 || total
-------------------------+-------+-------+-------+-------++-------
Melee: Unarmed           |     2 |     3 |       |       ||     5
       Peck              |     3 |     4 |     8 |       ||    15
       Rapier            |    23 |    20 |       |       ||    43
       Kick              |     2 |    12 |    16 |       ||    30
       Hand axe          |       |    16 |    44 |       ||    60
 Cast: Foxfire           |    39 |    64 |   125 |     6 ||   234
       Scorch            |       |     9 |    74 |     7 ||    90
       Conjure Flame     |       |       |     2 |       ||     2
Evoke: Wand              |       |     1 |       |       ||     1
  Use: Scroll            |     4 |     4 |    12 |       ||    20
       Potion            |       |     1 |     1 |       ||     2
 Stab: Sleeping          |     1 |     2 |     2 |       ||     5
Armor: Robe              |    12 |     8 |    20 |       ||    40
Dodge: Dodged            |    24 |    31 |   193 |     8 ||   256

Table legend: (Time is in decaauts)
 A = Elapsed time spent in this place.
 B = Non-inter-level travel time spent in this place.
 C = Inter-level travel time spent in this place.
 D = Time resting spent in this place.
 E = Time spent auto-exploring this place.
 F = Levels seen in this place.
 G = Mean time per level.
                   A        B        C        D        E       F      G
               +--------+--------+--------+--------+--------+-----+--------+
         Total |  10277 |  10024 |    253 |   1615 |   7038 |   9 | 1141.9 |
       Dungeon |  10226 |   9985 |    241 |   1615 |   7017 |   8 | 1278.2 |
        Temple |     50 |     38 |     12 |      0 |     21 |   1 |   50.0 |
               +--------+--------+--------+--------+--------+-----+--------+

Top non-repeatable levels by time:
     D:4: 1762 daAuts
     D:6: 1514 daAuts
     D:2: 1377 daAuts
     D:5: 1275 daAuts
     D:7: 1210 daAuts
     D:1: 1072 daAuts
     D:8: 1066 daAuts
     D:3: 947 daAuts
  Temple: 50 daAuts
